 Dungeon Crawl Stone Soup version 0.31-a0-977-gc230f8ef24 (webtiles) character file.

Game seed: 14442603356298501583

126 Dordric the Shooter (level 4, -6/37 HPs)
             Began as a Minotaur Hunter on Oct 30, 2023.
             Killed from afar by an orc wizard (7 damage)
             ... with a magic dart
             ... on level 3 of the Dungeon.
             The game lasted 00:01:35 (1417 turns).

Dordric the Shooter (Minotaur Hunter)               Turns: 1417, Time: 00:01:36

Health: -6/37      AC:  3    Str: 16    XL:     4   Next: 83%
Magic:  3/3        EV: 17    Int:  6    God:
Gold:   146        SH:  0    Dex: 15    Spells: 3/3 levels left

rFire   . . .        a - +0 shortbow
rCold   . . .        (shield currently unavailable)
rNeg    . . .        c - +0 leather armour
rPois   .            (helmet restricted)
rElec   .            (no cloak)
rCorr   .            (no gloves)
SInv    .            (no boots)
Will    .....        (no amulet)
Stlth   +            i - +5 ring of evasion
HPRegen 0.26/turn    (no ring)
MPRegen 0.08/turn

%: no passive effects
@: no status effects
A: horns 2, retaliatory headbutt
a: no special abilities


You were on level 3 of the Dungeon.
You visited 1 branch of the dungeon, and saw 3 of its levels.

You collected 146 gold pieces.

Inventory:

Hand Weapons
 a - a +0 shortbow (weapon)
Armour
 c - a +0 leather armour (worn)
 o - a +0 ring mail
Jewellery
 h - an amulet of magic regeneration
 i - a +5 ring of evasion (left hand)
Wands
 n - a wand of polymorph (6)
Scrolls
 b - a scroll of butterflies
 e - 2 scrolls of blinking {unknown}
 f - a scroll of fog {unknown}
 m - a scroll of fear {unknown}
Potions
 d - a potion of ambrosia {unknown}
 g - a potion of haste {unknown}
 j - 3 potions of curing {unknown}
 k - a potion of degeneration {unknown}
 l - a potion of invisibility {unknown}


   Skills:
 - Level 2.4 Fighting
 + Level 6.8 Ranged Weapons
 - Level 2.1 Dodging
 - Level 0.7 Stealth


You had 3 spell levels left.
You didn't know any spells.
Your spell library contained the following spells:

 Spells                   Type           Power      Damage    Failure   Level
 Freeze                   Ice            0%         1d3       52%         1
 Frozen Ramparts          Ice            0%         1d1       88%         3
 Hailstorm                Conj/Ice       0%         3d3       88%         3
 Ozocubu's Armour         Ice            0%         N/A       88%         3
 Ozocubu's Refrigeration  Ice            0%         4d7       100%        7


Dungeon Overview and Level Annotations

Branches:
Dungeon (3/15)

Altars:


Innate Abilities, Weirdness & Mutations

You have a pair of horns on your head.
You reflexively headbutt those who attack you in melee.


Message History

You are too injured to fight recklessly!
You are too injured to fight recklessly!
You are too injured to fight recklessly!
You are too injured to fight recklessly!
You are too injured to fight recklessly!
You are too injured to fight recklessly!
You are too injured to fight recklessly!
You are too injured to fight recklessly!
You are too injured to fight recklessly!
You are too injured to fight recklessly!
You are too injured to fight recklessly!
You are too injured to fight recklessly!
You are too injured to fight recklessly!
You are too injured to fight recklessly!
You are too injured to fight recklessly!
You are too injured to fight recklessly!
You shoot an arrow. The arrow barely misses the worm.
Something hits you. The worm bites you but does no damage.
You shoot an arrow. The arrow hits the worm!
You kill the worm!
You hear some strange, mumbled words.
Something tries to affect you, but you resist.
You shoot an arrow.
You hear some strange, mumbled words.
A magic dart appears from out of thin air!
The magic dart hits you!
* * * LOW HITPOINT WARNING * * *
You shoot an arrow. Something hits you.
* * * LOW HITPOINT WARNING * * *
You shoot an arrow. Something hits you.
* * * LOW HITPOINT WARNING * * *
Something hits you.
* * * LOW HITPOINT WARNING * * *
You shoot an arrow. Something hits you.
* * * LOW HITPOINT WARNING * * *
You shoot an arrow.
You hear some strange, mumbled words.
A magic dart appears from out of thin air!
The magic dart hits you!
You die...

.. ........
.!##......
..........
.........#
?........####..
.......†.....
..>...))..#
....)){@.#
....####......#
. .###### .# .#
##


There were no monsters in sight!

Vanquished Creatures
  Jessica (D:2)
  3 gnolls (D:2)
  An adder (D:2)
  A worm (D:3)
  3 orcs (D:3)
  6 bats
  6 endoplasms
  12 goblins
  4 hobgoblins
  3 jackals (D:1)
  3 kobolds
  2 quokkas
  2 ball pythons (D:1)
  2 frilled lizards
  2 rats
51 creatures vanquished.

Notes
Turn   | Place    | Note
-------+----------+-------------------------------------------
     0 | D:1      | Dordric the Minotaur Hunter began the quest for the Orb.
     0 | D:1      | Reached XP level 1. HP: 18/18 MP: 0/0
   188 | D:1      | Reached XP level 2. HP: 23/25 MP: 1/1
   205 | D:1      | Reached skill level 5 in Ranged Weapons
   792 | D:2      | Reached XP level 3. HP: 30/30 MP: 2/2
   825 | D:2      | Reached skill level 6 in Ranged Weapons
  1007 | D:2      | Reached XP level 4. HP: 33/37 MP: 3/3
  1169 | D:2      | Noticed Jessica
  1175 | D:2      | Killed Jessica
  1211 | D:2      | Found a faded altar of an unknown god.
  1416 | D:3      | HP: 1/37 [something (2)]
  1417 | D:3      | Killed from afar by an orc wizard

Illustrated notes

Levels and vault maps discovered:
D:1:      roderic_chinese_lattice_arrival, layout_loops_ring, minmay_tall_x
D:2:      layout_rooms, shapermc_ecumenical_altar_venn,
          kennysheep_generic_room_14, uniq_jessica
D:3:      layout_rooms, chequers_arboretum

Skill      XL: |  1  2  3 |
---------------+----------+-----
Ranged Weapons | 5 6 |  6.8
Fighting       | |  2.4
Dodging        | |  2.1
Stealth        | |  0.7

Action                     |  1- 3 |  4- 6 || total
---------------------------+-------+-------++-------
   Fire: Shortbow          |    83 |    58 ||   141
 Armour: Leather armour    |    27 |    25 ||    52
  Dodge: Dodged            |    22 |    13 ||    35

Table legend: (Time is in decaauts)
 A = Elapsed time spent in this place.
 B = Non-inter-level travel time spent in this place.
 C = Inter-level travel time spent in this place.
 D = Time resting spent in this place.
 E = Time spent auto-exploring this place.
 F = Levels seen in this place.
 G = Mean time per level.
                   A        B        C        D        E       F      G
               +--------+--------+--------+--------+--------+-----+--------+
         Total |   1436 |   1381 |     55 |      0 |   1123 |   3 |  478.7 |
       Dungeon |   1436 |   1381 |     55 |      0 |   1123 |   3 |  478.7 |
               +--------+--------+--------+--------+--------+-----+--------+

Top non-repeatable levels by time:
     D:1: 776 daAuts
     D:2: 632 daAuts
     D:3: 27 daAuts
